Cogmind - Beta 13 X2 --- EXPLORER MODE // 2024.01.24 @ 00:38:24 // Winter2019/RPGLIKE Player: Hermelin Result: Smashed by cave-in Performance ------------- Evolutions (0) 0 Regions Visited (2) 400 Robots Destroyed (48) 240 Value Destroyed (1504) 1504 Prototype IDs (1) 20 Alien Tech Used (0) 0 Bonus (0) 0 TOTAL SCORE: 2164 Bonus ------- None Cogmind --------- Core Integrity 0/600 Matter 290/300 Energy 220/220 System Corruption 0% Temperature Cool (0) Movement Flying (80) Ox1 Location -10/Subcaves Parts ------- > --- POWER (2) -------- Light Nuclear Core Light Nuclear Core > --- PROPULSION (4) --- Flightbrick > --- UTILITY (5+3) ---- Improved Terrain Scanner Armor Integrity Analyzer Light Armor Plating Makeshift System Restoration Module (+) Tractor Beam (+) Cobbler Unit > --- WEAPON (2) ------- Barrage Gun Grenade Launcher > --- INVENTORY (2) ---- Myomer Leg High-capacity Matter Pod (200) Peak State ------------ > --- POWER ------------ Light Nuclear Core Light Nuclear Core > --- PROPULSION ------- Flightbrick > --- UTILITY ---------- Improved Terrain Scanner Armor Integrity Analyzer Light Armor Plating Makeshift System Restoration Module Tractor Beam Cobbler Unit > --- WEAPON ----------- Barrage Gun Grenade Launcher > --- INVENTORY -------- Myomer Leg High-capacity Matter Pod [Rating: 63] Favorites ----------- Power Light Nuclear Core Engine Light Ion Engine Power Core Light Nuclear Core Propulsion Aluminum Leg Leg Aluminum Leg Flight Unit Flightbrick Utility Improved Terrain Scanner Device Improved Terrain Scanner Processor Armor Integrity Analyzer Protection Scrap Shield Weapon Battle Rifle Energy Gun Subdweller Laser Ballistic Gun Battle Rifle Launcher Grenade Launcher Special Melee Weapon Datajack Build | -11 -10 -10 ------- Run | Yrd Mat Sub Slots Evolved 9 | 5 3 1 Power 1 | 1 . . Propulsion 3 | 1 2 . Utility 4 | 2 1 1 Weapon 1 | 1 . . Parts Attached 39 | 9 6 24 Power 9 | 2 2 5 Engine 6 | 2 1 3 Core 3 | . 1 2 Reactor . | . . . Propulsion 6 | 2 2 2 Treads . | . . . Leg 5 | 2 2 1 Wheel . | . . . Hover . | . . . Flight 1 | . . 1 Utility 12 | 3 1 8 Device 7 | 1 1 5 Storage . | . . . Processor 2 | 1 . 1 Hackware . | . . . Protection 3 | 1 . 2 Artifact . | . . . Weapon 12 | 2 1 9 Energy Gun 3 | 1 . 2 Energy Cannon . | . . . Ballistic Gun 4 | 1 . 3 Ballistic Cannon . | . . . Launcher 4 | . 1 3 Special Weapon . | . . . Impact Weapon . | . . . Slashing Weapon . | . . . Piercing Weapon . | . . . Special Melee Weapon 1 | . . 1 Unidentified Prototypes 1 | . . 1 Parts Lost . | . . . Power . | . . . Propulsion . | . . . Utility . | . . . Weapon . | . . . Highest Loss Streak . | . . . To Critical Strikes . | . . . Average Slot Usage (%) 89 | . 99 85 Engine 7 | . 11 6 Core 6 | . 5 7 Leg 26 | . 33 23 Device 15 | . 13 16 Processor 7 | . 8 6 Protection 7 | . 8 6 Energy Gun 6 | . 8 5 Ballistic Gun 6 | . 7 5 Launcher 1 | . . 2 Naked Turns . | . . . Heaviest Build 42 | 13 20 42 Greatest Support 55 | 20 40 55 Greatest Overweight (x) 1 | . . 1 Average Overweight (x) . | . . . Largest Inventory Capacity 2 | 2 2 2 Average Capacity 2 | 2 2 2 Most Carried 2 | . 2 2 Average Carried 1 | . 1 1 Final Capacity 2 | 2 2 2 Final Carried 2 | . 2 2 Class Distribution -------------------- 46% | Hacker-Mutant 32% | Scavenger-Mutant 21% | Subdweller-Mutant Dominant Class ---------------- Hacker-Mutant | -10/Materials Scavenger-Mutant | -10/Subcaves Resources | -11 -10 -10 ----------- Run | Yrd Mat Sub Matter Collected 1648 | 295 525 828 Remotely 887 | . 59 828 Salvage Created 1684 | 51 603 1030 Parts 112 | 4 36 72 Haulers Intercepted 1 | . 1 . Recyclers Shooed . | . . . Parts Field Recycled . | . . . Retrieved Matter . | . . . Parts Self-Destructed . | . . . Prevented . | . . . Kills | -11 -10 -10 ------- Run | Yrd Mat Sub Combat Hostiles Destroyed 48 | . 17 31 Guns 38 | . 17 21 AOE 10 | . . 10 Classes Destroyed 9 | 1 4 4 Tunneler 2 | 2 . . Hauler 1 | . 1 . Turret 2 | . . 2 Watcher 2 | . 2 . Swarmer 6 | . 2 4 Grunt 15 | . 15 . Artisan 1 | . . 1 Cobbler 1 | . . 1 Subdweller 27 | . . 27 Best Kill Streak 7 | 2 4 7 Combat Bots Only 7 | . 4 7 Max Kills in Single Turn 3 | 1 1 3 Gunslinging 1 | . . 1 Exploded 3 | . . 3 Melee . | . . . Uniques/NPCs Destroyed . | . . . Combat | -11 -10 -10 -------- Run | Yrd Mat Sub Hostile Shots Fired 192 | . 64 128 Missed 61 | . 20 41 Damage Taken 1890 | . 334 1556 Core 1256 | . 236 1020 Absorbed by Shields . | . . . Redirected to Core 1101 | . 193 908 Ignored by Resistances 1100 | . 213 887 Core Remaining (%) 100 | 100 . . Volleys Fired 179 | 5 69 105 Largest 2 | 2 2 2 Hottest 85 | 70 70 85 Shots Fired 278 | 10 127 141 Gun 257 | 10 126 121 Cannon . | . . . Launcher 21 | . 1 20 Special . | . . . Kinetic 143 | 5 65 73 Thermal 120 | 5 61 54 Explosive 15 | . 1 14 Electromagnetic . | . . . Robot Hit Streak 45 | 5 45 37 Robot Miss Streak 3 | 1 3 2 Penetration Max . | . . . Secondary Targets 4 | . 1 3 Max Gunslinging Chain 1 | . 1 1 Shots Hit Robots 225 | 8 102 115 Core Hits 99 | 4 38 57 Critical Kills 1 | . . 1 Critical Parts Destroyed . | . . . Critical Strikes 14 | . 12 2 Burn 13 | . 12 1 Destroy 1 | . . 1 Melee Attacks 1 | . . 1 Impact . | . . . Slashing . | . . . Piercing . | . . . Sneak Attacks 1 | . . 1 Combat Hostiles . | . . . Follow-up Attacks . | . . . Damage Inflicted 4560 | 79 1107 3374 Guns 2844 | 79 1107 1658 Cannons . | . . . Explosions 1716 | . . 1716 Melee . | . . . Ramming . | . . . Kinetic 2369 | 30 412 1927 Thermal 1549 | 49 695 805 Explosive 642 | . . 642 Electromagnetic . | . . . Impact . | . . . Slashing . | . . . Piercing . | . . . Highest Corruption . | . . . Average Corruption . | . . . Corruption Purged . | . . . Corruption Blocked . | . . . Overload Shots . | . . . Overflow Damage . | . . . Projectiles . | . . . Explosions . | . . . Melee . | . . . Knockbacks . | . . . Impact . | . . . Kinetic . | . . . Secondary . | . . . Self-Inflicted Damage 110 | . . 110 Shots 4 | . . 4 Rammed . | . . . Targets Rammed . | . . . Kicked . | . . . Crushed . | . . . Highest Temperature 315 | 194 315 164 Average Temperature 78 | 125 75 54 Received Heat Transfer 844 | . 294 550 Effects 3 | . 3 . Interference 3 | . 3 . Siege Activations . | . . . Robots Corrupted . | . . . Combat Hostiles . | . . . Parts Fried . | . . . Impact Corruptions . | . . . Robots Melted 1 | . 1 . Combat Hostiles . | . . . Parts Melted 9 | . 8 1 Heat Transferred 4352 | 148 2886 1318 Parts Sabotaged . | . . . Parts Stolen . | . . . Parts Stripped . | . . . Power Chain Reactions . | . . . Missiles Intercepted . | . . . Alert | -11 -10 -10 ------- Run | Yrd Mat Sub Peak Influence 383 | 10 383 . Initial 4 | . 4 . Average 134 | 1 144 . Maximum Alert Level 1 | . 1 . Low Security (%) 68 | 100 66 . Level 1 31 | . 33 . Level 2 . | . . . Level 3 . | . . . Level 4 . | . . . Level 5 . | . . . High Security . | . . . Max Security . | . . . Squads Dispatched 4 | . 4 . Investigation 4 | . 4 . Extermination . | . . . Reinforcement . | . . . Assault . | . . . Garrison . | . . . Intercept . | . . . Searches Triggered . | . . . Construction Impeded . | . . . Haulers Reinforced . | . . . Active Scanning Responses . | . . . Cargo Convoy Interrupts . | . . . Stealth | -11 -10 -10 --------- Run | Yrd Mat Sub Distress Signals 2 | . 2 . Communications Jammed . | . . . Distress Signals . | . . . Times Spotted 70 | . 24 46 Peak Tracking Total 7 | . 3 7 Tactical Retreats 2 | . 1 1 Traps | -11 -10 -10 ------- Run | Yrd Mat Sub Traps Triggered 3 | . 2 1 Indirectly . | . . . Trap Hack Attempts . | . . . Triggered . | . . . Disarmed . | . . . Reprogrammed . | . . . Reused . | . . . Traps Extracted . | . . . Installed . | . . . Triggered . | . . . Machines | -11 -10 -10 ---------- Run | Yrd Mat Sub Machines Disabled 1 | . . 1 Max in Single Turn 1 | . . 1 Machines Repaired . | . . . Machines Dismantled . | . . . Machines Sabotaged . | . . . Overloaded Fab Kills . | . . . Hacking | -11 -10 -10 --------- Run | Yrd Mat Sub Machines Accessed 9 | . 8 1 Terminals 6 | . 6 . Fabricators . | . . . Repair Stations . | . . . Recycling Units 2 | . 2 . Scanalyzers . | . . . Garrison Access . | . . . Total Hacks 31 | . 27 4 Successful 22 | . 18 4 Failed 9 | . 9 . Catastrophic 4 | . 4 . Database Lockouts . | . . . Manual 22 | . 22 . Terminals 23 | . 23 . Fabricators . | . . . Repair Stations . | . . . Recycling Units 4 | . 4 . Scanalyzers . | . . . Garrison Access . | . . . Terminal Hacks 13 | . 9 4 Record 4 | . . 4 Part Schematic 2 | . 2 . Robot Schematic 1 | . 1 . Robot Analysis 2 | . 2 . Terminal Index 1 | . 1 . Locate Traps 1 | . 1 . Hauler Manifests 1 | . 1 . Zone Layout 1 | . 1 . Fabricator Hacks . | . . . Repair Station Hacks . | . . . Recycling Unit Hacks 2 | . 2 . Report Inventory 2 | . 2 . Scanalyzer . | . . . Garrison Access Hacks . | . . . Unauthorized Hacks 7 | . 7 . Terminals 5 | . 5 . Track 2 | . 2 . Botnet 2 | . 2 . Operators 1 | . 1 . Fabricators . | . . . Repair Stations . | . . . Recycling Units 2 | . 2 . Tunnel 2 | . 2 . Scanalyzers . | . . . Garrison Access . | . . . Data Cores Recovered . | . . . Used . | . . . Hacking Detections 7 | . 7 . Full Trace Events 6 | . 6 . Feedback Events . | . . . Feedback Blocked . | . . . Robot Schematics Acquired 1 | . 1 . Robots Built . | . . . Authchips . | . . . Time . | . . . Total Robot Build Rating . | . . . Part Schematics Acquired 2 | . 2 . Parts Built . | . . . Authchips . | . . . Time . | . . . Total Part Build Rating . | . . . Parts Repaired . | . . . Time . | . . . Parts Recycled . | . . . Recycled Matter . | . . . Retrieved Matter . | . . . Retrieved Components . | . . . Parts Scanalyzed . | . . . Part Schematics Acquired . | . . . Parts Damaged . | . . . Bothacking | -11 -10 -10 ------------ Run | Yrd Mat Sub Used RIF Installer . | . . . Robots Hacked 1 | . . 1 Non-combat . | . . . Combat 1 | . . 1 Robot Hacks Applied 1 | . . 1 parse_system 1 | . . 1 Relay Couplers Released . | . . . Fabnet Peak Effective % . | . . . Robots Rewired . | . . . Allies Hacked . | . . . Hacks Repelled . | . . . Allies | -11 -10 -10 -------- Run | Yrd Mat Sub Total Allies . | . . . Largest Group . | . . . Highest-Rated Group . | . . . Highest-Rated Ally . | . . . Total Orders . | . . . Ally Attacks . | . . . Total Damage . | . . . Kills . | . . . Allies Corrupted . | . . . Allies Melted . | . . . Intel | -11 -10 -10 ------- Run | Yrd Mat Sub Robot Analysis Total 2 | . 2 . Derelict Logs Recovered 2 | . . 2 Drone Launches . | . . . Drone Recoveries . | . . . Exploration | -11 -10 -10 ------------- Run | Yrd Mat Sub Turns Passed 3463 | 81 1114 2268 Spaces Moved 2334 | 48 697 1589 Core 5 | 5 . . Treads . | . . . Legs 1800 | 43 697 1060 Wheels . | . . . Hover . | . . . Flight 529 | . . 529 Fastest Speed 40 | 50 120 40 Average Speed 108 | 112 120 103 Slowest Speed 120 | 120 120 120 Overloaded Moves . | . . . Propulsion Burnouts . | . . . Robots Hopped . | . . . Cave-ins Triggered 1 | . . 1 Exploration Rate (%) 59 | 4 97 78 Regions Visited 2 Branch Regions 1 Pre-discovered Areas 6 | . 2 4 Known Exits Taken 2 | 1 1 . Unknown Exits Taken . | . . . Scrap Searched 10 | . . 10 Spaces Dug 23 | . . 23 Terrain Destroyed 143 | . 7 136 Melee . | . . . Projectile 1 | . . 1 AOE 142 | . 7 135 Terrain Rammed . | . . . Walls Destroyed . | . . . Machines Disabled . | . . . Actions | -11 -10 -10 --------- Run | Yrd Mat Sub Total 2994 | 61 860 2073 Wait 353 | . 61 292 Move 2332 | 47 696 1589 Hop . | . . . Pick Up 7 | . 4 3 Fast Attach 30 | 9 5 16 Attach 1 | . . 1 Detach . | . . . Swap 8 | . 1 7 Drop 27 | . 5 22 Fire 179 | 5 69 105 Melee 1 | . . 1 Ram . | . . . Kick . | . . . Crush . | . . . Escape Stasis . | . . . Rewire . | . . . Trap . | . . . Miscellaneous 56 | . 19 37 Route ------- -11/Scrapyard -10/Materials (discovered 6 exits: *Mat x3 / *Min x2 / *Sub) -10/Subcaves (discovered 3 exits: *Mat x2 / *Rec) History --------- Turn | Location | Event 1 | -11/Scrapyard | Upgraded with Power slot (x1) 1 | -11/Scrapyard | Upgraded with Propulsion slot (x1) 1 | -11/Scrapyard | Upgraded with Utility slot (x1) 1 | -11/Scrapyard | Upgraded with Weapon slot (x1) 5 | -11/Scrapyard | Identified exit to Materials 5 | -11/Scrapyard | Discovered exit to Materials (range 17) 62 | -11/Scrapyard | Upgraded with Utility slot (x1) 82 | -11/Scrapyard | Entered Materials 90 | -10/Materials | Upgraded with Propulsion slot (x2) 266 | -10/Materials | Identified exit to Mines 266 | -10/Materials | Discovered exit to Mines (range 10) 307 | -10/Materials | Build established: Hacker-Mutant 344 | -10/Materials | Identified exit to Materials 344 | -10/Materials | Discovered exit to Materials (range 7) 469 | -10/Materials | Reached level 2 479 | -10/Materials | Upgraded with Utility slot (x1) 486 | -10/Materials | Discovered exit to Materials (range 17) 669 | -10/Materials | Identified exit to Subcaves 669 | -10/Materials | Discovered exit to Subcaves (range 7) 928 | -10/Materials | Discovered exit to Materials (range 13) 1116 | -10/Materials | Discovered exit to Mines (range 8) 1196 | -10/Materials | Entered Subcaves 1198 | -10/Subcaves | Reached level 3 1201 | -10/Subcaves | Upgraded with Utility slot (x1) 1250 | -10/Subcaves | Ambushed by Subdweller buried in earth 1386 | -10/Subcaves | Disturbed a concealed Subdweller 1386 | -10/Subcaves | Disturbed a concealed Subdweller 1389 | -10/Subcaves | Ambushed by Subdweller buried in earth 1597 | -10/Subcaves | Learned location of Section 7 (-2) 1638 | -10/Subcaves | Ambushed by swarm of Subdwellers 1642 | -10/Subcaves | Ambushed by Subdwellers from Twisted Machinery 1685 | -10/Subcaves | Destroyed 7 combat bots 1759 | -10/Subcaves | Shifting Twisted Machinery released Sub. Monowheel 1759 | -10/Subcaves | Shifting Twisted Machinery released Sub. Laser 1919 | -10/Subcaves | Shifting Twisted Machinery released Sub. Beam Cannon 1937 | -10/Subcaves | Shifting Twisted Machinery released Battle Rifle 1978 | -10/Subcaves | Identified exit to Materials 1978 | -10/Subcaves | Discovered exit to Materials (range 10) 2009 | -10/Subcaves | Build established: Subdweller-Mutant 2045 | -10/Subcaves | Ambushed by Subdwellers from Twisted Machinery 2096 | -10/Subcaves | Learned location of Zion (-7) 2096 | -10/Subcaves | Met a Zionite searching for "candidates" 2112 | -10/Subcaves | Learned location of Storage (-8) 2600 | -10/Subcaves | Identified exit to Recycling 2600 | -10/Subcaves | Discovered exit to Recycling (range 15) 2639 | -10/Subcaves | Build established: Scavenger-Mutant 2922 | -10/Subcaves | A Subdweller sparked back to life 2922 | -10/Subcaves | A Subdweller sparked back to life 2922 | -10/Subcaves | A Subdweller sparked back to life 2951 | -10/Subcaves | Found Prototype Flight Unit 2951 | -10/Subcaves | Identified Flightbrick 2953 | -10/Subcaves | Attached Flightbrick, gained temporary slots: Utility x3 3178 | -10/Subcaves | A swath of the cavern ceiling suddenly collapsed 3211 | -10/Subcaves | Discovered exit to Materials (range 14) 3227 | -10/Subcaves | Core integrity fell below 50% 3337 | -10/Subcaves | Shifting Twisted Machinery released Sub. Laser 3347 | -10/Subcaves | Ambushed by Subdwellers from Twisted Machinery 3428 | -10/Subcaves | Ambushed by Subdweller buried in earth 3430 | -10/Subcaves | Ambushed by Subdweller buried in earth 3430 | -10/Subcaves | Ambushed by Subdweller buried in earth 3452 | -10/Subcaves | Core integrity fell below 20% 3465 | -10/Subcaves | Crushed by falling debris 3465 | -10/Subcaves | Smashed by cave-in Last Messages --------------- 03378_ Acquired 32 matter. 03390_ K8-6GF(R) destroyed. 03394_ Acquired 8 matter. 03429_ ZQ-7SC(R): "HIDIE!" 03430_ ZQ-7SC(R) destroyed. 03431_ ZP-ER3(R): "ARGHSUB!" 03431_ 96-RBM(R): "FREEEEDUMB!" 03437_ ZP-ER3(R) affixes Scrap Shield Fragment to Scrap Shield. 03438_ 96-RBM(R) affixes Scrap Shield Fragment to Scrap Shield. 03441_ Destroyed Scrap Shield. 03444_ ZP-ER3(R) destroyed. 03446_ 96-RBM(R) affixes Scrap Shield Fragment to Scrap Shield. 03448_ The unstable cave ceiling collapses. 03457_ 96-RBM(R) destroyed. 03459_ The unstable cave ceiling collapses. 03461_ Acquired 32 matter. 03462_ Acquired 62 matter. 03462_ Acquired 32 matter. 03465_ The unstable cave ceiling collapses. 03465_ Crushed by falling debris. Map ----- +----------------------------------------------------+ | ??##?#?###?##?########??????#?#????##??????#?#???# | | ?###?####????######?###??###?##???????#######????? | | ?##???#?######?#####?#####??#?####?###???????#??## | | #?#??#####??#######?#### #?##???#?#??##?????##???? | | ###??#?#?#?####*#&### ############ ###?#####??# | | ?#??#?###????#%/%|%## ###### ### ###?#???#### | | ##?##?#?#?#####"]### ## # # ###????##? | | ?#??######?#####[%# ## "#####?### | | #?############ #[## ## "######?## | | ###??##### ##&"&" # # #### | | ??#?### #&%&[ """ | | #?#?## &%! #"## | | ##### & " ##" | | !& ## ######### | | &&= ## ## ######?## | | #### #### " ##?####### | | ??# ####### #######??## # | | ?## ################ ### #### | | ?########??######?##?###### ]% # # | | ?#?#?#?####??###??###?##### !% # ## ## | | ????#?#?#####???########### & ## ### ### #? | | ?#?#??###?#?############ < ## ### #### # | | ?####?###"?? < $ ??# [ ## ##### ## | | ?#???###???"<< $# ;; ###?## # | | #?#?##?#??" << $ $ # | ;;# ###??# # | | ???##??? "" < $ $ @ ; ## ##?## | | ???????#?"? < $ <# ;; ### ##? | | #????#?#?" ?##< " #?## # # ;; #### ## | | ?##??#?????"##??####### ######?## ### ### | | ?????????????????##?#### ######### #?# ##?# | | ????????????????? ####?# ### #####?## #### #?## | | ?????????????????#####?##### # %### ##?#?? | | ???????????????? "##??#?##### / [ ####??# | | ??????????????? ??????####### #???# ? | | ???????????????????????##?## #### #####?? | | ??????????????????? ?? ####?#?## ## ####???? | | ????????????????? ??????#####?#??##### ##???? | | ????????????????? ???? #???###?###?### #? ??? | | ????????????????????????##?#?##?######## ###??? | | ?????????????????##? ??? #?###?####?#??####??????? | | ?????????????????????? ??#?#????######???#??### #? | | ?????????????????????#??????#?#???????#?#??##?#??# | | ?????????????????????? #????#????##?#??#?#??#?##? | | ???????????????????????#??#????#??#?#??????####?## | | ????????????????????????#?????????#????????##??#?# | | ?????????????????????????#???????????##????##?#### | | ??????????????#??????????????#???#???#???##??##?## | | ??????????????????????????????????##??#?##?####?#" | | ?????????????#???##????#?###???????????##?#??##?#" | | ?????????????????####?####?????#????##??##?#?##?#" | +----------------------------------------------------+ Best States ------------- Heat Dissipation 43 Energy Generation 24 Energy Capacity 350 Matter Stores 300 Matter Capacity 300 Sight Range 17 Terrain Scan Range 16 Terrain Scan Density 110 Armor Coverage 800 Resistance: KI 40 Resistance: TH 35 Resistance: EX 35 Resistance: EM 35 Resistance: I 35 Resistance: S 35 Resistance: P 35 Evasion (%) 62 Targeting Accuracy 5 Armor Integrity Analysis 30 Offensive Hacking 20 Item Schematics ----------------- Imp. Aluminum Leg | -10/Materials | Hacked Shield Generator | -10/Materials | Hacked Robot Schematics ------------------ M-13 Machinist | -10/Materials | Hacked Fabricated ------------ Nothing Alien Tech Used ----------------- None Achievements -------------- None Challenges ------------ None RPGLIKE | -11 -10 -10 --------- Run | Yrd Mat Sub Levels Raised 2 | . 1 1 XP Earned 10215 | 6000 2615 1600 XP Spent 8860 | 3700 3760 1400 Upgrades 18 | 9 8 1 Power Slot 1 | 1 . . Propulsion Slot 3 | 1 2 . Utility Slot 4 | 2 1 1 Weapon Slot 1 | 1 . . Heat Dissipation 3 | . 3 . Inventory Capacity 2 | 2 . . Sight Range 1 | 1 . . Terrain Scan Density 1 | 1 . . Ranged Accuracy 1 | . 1 . KI Resistance % 1 | . 1 . Protomatter Created 502 | . 300 202 Integrity Restored 894 | . 358 536 Core 625 | . 236 389 Parts 269 | . 122 147 Protomatter Decayed 113 | . 65 48 Game ------ Seed NodeHackingMinigun Manual? 0 Play Time 00:44:49 Cumulative 467.5 hours Start 2024.01.23 @ 23:54:17 End 2024.01.24 @ 00:38:24 Sessions 1 Manual Loads 0 Difficulty Explorer Special Mode Winter2019/RPGLIKE Game No. 187 Rogue 183 Adventurer 3 Explorer 1 Win Type - Total 8 Types 5/1/0/1/0/1/0/0/0 Lore% 80 Gallery% 87 Achievement% 78 Wizard Run 0 Options --------- ASCII 0 Keyboard 0 Movement Numpad Keybinds 0 Fullscreen 1 Font 18/SmallcapsGlow Map View 76x50 Zoom Use 0% Tactical HUD 1 Map Filters NONE Filters NONE Steam X RUN: 6e379d94-15b2-4e99-808e-66e0e884cc5d